 Dungeon Crawl Stone Soup version 0.27-a0-1136-g0b992a5a9d (webtiles) character file.

Game seed: 17945342331112644850

84 Zeld the Skirmisher (level 4, -19/33 HPs)
             Began as an Octopode Fighter on May 4, 2021.
             Demolished by an ogre
             ... wielding a +0 giant club
              (22 damage)
             ... on level 2 of the Dungeon.
             The game lasted 00:01:07 (1237 turns).

Zeld the Skirmisher (Octopode Fighter)              Turns: 1237, Time: 00:01:08

Health: -19/33     AC:  1    Str: 16    XL:     4   Next: 45%
Magic:  4/4        EV: 11    Int: 10    God:
Gold:   29         SH:  9    Dex: 11    Spells: 3/3 levels left

rFire    . . .     SeeInvis .   a - +0 war axe
rCold    . . .     Faith    .   b - +0 kite shield
rNeg     . . .     Spirit   .   (helmet restricted)
rPois    .         Reflect  .   (no amulet)
rElec    .         Harm     .   (no ring)
rCorr    .         Rampage  .   (no ring)
Will     .....                  (no ring)
Stlth    ++........             (no ring)
HPRegen  0.11/turn              (no ring)
MPRegen  0.09/turn              (no ring)
                                (no ring)
                                (no ring)

@: no status effects
A: almost no armour, amphibious, 8 rings, camouflage 1, gelatinous body 1,
(nimble swimmer 1), tentacles
a: no special abilities


You were on level 2 of the Dungeon.
You visited 1 branch of the dungeon, and saw 2 of its levels.

You collected 29 gold pieces.

Inventory:

Hand Weapons
 a - a +0 war axe (weapon)
Armour
 b - a +0 kite shield (worn)
Potions
 c - 2 potions of might
 d - a potion of ambrosia {unknown}


   Skills:
 * Level 3.8 Fighting
 * Level 3.0 Axes
 - Level 3.0 Dodging
 * Level 3.8 Shields


You had 3 spell levels left.
You didn't know any spells.
Your spell library was empty.

Dungeon Overview and Level Annotations

Branches:
Dungeon (2/15)

Altars:


Innate Abilities, Weirdness & Mutations

You cannot wear most types of armour.
You are amphibious.
You can wear up to eight rings at the same time.
Your skin changes colour to match your surroundings (Stealth+).
Your rubbery body absorbs attacks. (AC +1, EV +1)
((You are camouflaged near water. (Stealth+)))
You have tentacles for arms and can constrict up to eight enemies at once.


Message History

The bat closely misses you.
A bat is nearby!
You hit the bat but do no damage. Your grab misses the bat.
The bat hits you but does no damage. You block the bat's attack.
A bat is nearby!
A bat is nearby!
The bat misses you.
Your shield prevents you from hitting the bat.
You grab the bat. You squeeze the bat.
You kill the bat!
Key pressed, stopping explore.
No target in view!
No target in view!
An endoplasm comes into view.
An endoplasm is nearby!
An endoplasm is nearby!
The endoplasm hits you.
You slash the endoplasm!
You kill the endoplasm!
No target in view!
A kobold and an ogre come into view.
The kobold shouts!
The ogre shouts!
There are monsters nearby!
There are monsters nearby!
There are monsters nearby!
You hit the ogre.
The ogre is lightly wounded.
You block the ogre's attack.
Your shield prevents you from hitting the ogre.
You squeeze the ogre.
The ogre is lightly wounded.
You barely miss the kobold.
The ogre hits you with a +0 giant club!!
Ouch! That really hurt!
* * * LOW HITPOINT WARNING * * *
The kobold hits you with a +0 short sword.
* * * LOW HITPOINT WARNING * * *
The ogre hits you with a +0 giant club!!
Ouch! That really hurt!
You die...

####### ...#.....#
#..#..#..#.....#
#..#..#..#.....
..#..#..#....#
#.##.##.##...#
#..#..#..#...#
#KO#..#))#...# ###
#.@#..#..#...# ..
#.....#......######
##########.........
........#.#####
...##..##.#####
......###....##
#.......##.....
.........).#...
.#........#.##


You could see an ogre and a kobold.

Vanquished Creatures
  A hound (D:2)
  A worm (D:2)
  3 endoplasms
  3 giant cockroaches
  6 goblins
  A hobgoblin (D:1)
  11 jackals
  5 kobolds
  2 quokkas (D:1)
  3 ball pythons
  4 bats
  A frilled lizard (D:1)
  3 rats (D:1)
44 creatures vanquished.

Notes
Turn   | Place    | Note
-------+----------+-------------------------------------------
     0 | D:1      | Zeld the Octopode Fighter began the quest for the Orb.
     0 | D:1      | Reached XP level 1. HP: 16/16 MP: 1/1
   101 | D:1      | Reached XP level 2. HP: 14/21 MP: 2/2
   909 | D:2      | Reached XP level 3. HP: 26/26 MP: 3/3
  1117 | D:2      | Reached XP level 4. HP: 24/33 MP: 4/4
  1234 | D:2      | Noticed an ogre
  1237 | D:2      | Demolished by an ogre

Illustrated notes

Levels and vault maps discovered:
D:1:      saegor_arrival_simple_c, layout_basic
D:2:      minmay_angry_zag, layout_rooms, ebering_ecumenical_altar_box,
          hex_tiny, hex_medium, guppyfry_early_lair_pool

Skill      XL: |  1  2  3 |
---------------+----------+-----
Axes           | 3 |  3.0
Fighting       | |  3.8
Dodging        | |  3.0
Shields        | |  3.8

Action                   |  1- 3 |  4- 6 || total
-------------------------+-------+-------++-------
Melee: War axe           |    63 |    10 ||    73
       Tentacles         |    10 |     3 ||    13
       Constrict         |    12 |     1 ||    13
 Stab: Sleeping          |     1 |       ||     1
Armor: Skin              |     4 |     1 ||     5
Dodge: Dodged            |    32 |     4 ||    36
Block: Kite shield       |    34 |     7 ||    41

Table legend: (Time is in decaauts)
 A = Elapsed time spent in this place.
 B = Non-inter-level travel time spent in this place.
 C = Inter-level travel time spent in this place.
 D = Time resting spent in this place.
 E = Time spent auto-exploring this place.
 F = Levels seen in this place.
 G = Mean time per level.
                   A        B        C        D        E       F      G
               +--------+--------+--------+--------+--------+-----+--------+
         Total |   1280 |   1260 |     20 |      0 |   1047 |   2 |  640.0 |
       Dungeon |   1280 |   1260 |     20 |      0 |   1047 |   2 |  640.0 |
               +--------+--------+--------+--------+--------+-----+--------+

Top non-repeatable levels by time:
     D:1: 922 daAuts
     D:2: 357 daAuts
